 Seeded DCSS version 0.28.0-47-ge53b351184 (webtiles) character file.

Game seed: 523019199727972820 (custom seed)

749 thiscave3701365 the Cleaver (level 7, 0/63 HPs)
             Began as a Minotaur Berserker on May 9, 2022.
             Was a Believer of Trog.
             Succumbed to a scorpion's poison
             ... on level 5 of the Dungeon.
             The game lasted 00:03:22 (5416 turns).

thiscave3701365 the Cleaver (Minotaur Berserker)    Turns: 5416, Time: 00:03:23

Health: 0/63       AC:  9    Str: 23    XL:     7   Next: 48%
Magic:  6/6        EV:  9    Int:  4    God:    Trog [**....]
Gold:   210        SH:  0    Dex: 10    Spells: 6/6 levels left

rFire   . . .      SeeInvis .   a - +0 hand axe
rCold   . . .      Faith    .   (no shield)
rNeg    . . .      Spirit   .   u - +0 chain mail
rPois   .          Reflect  .   (helmet restricted)
rElec   .          Harm     .   (no cloak)
rCorr   .          Rampage  .   (no gloves)
Will    .....                   (no boots)
Stlth   ..........              (no amulet)
HPRegen 0.20/turn               (no ring)
MPRegen 0.10/turn               (no ring)

@: mighty, lethally poisoned (0 -> -7), on berserk cooldown, slowed, very slow
A: horns 2, retaliatory headbutt
a: Renounce Religion, Berserk, Trog's Hand


You were on level 5 of the Dungeon.
You worshipped Trog.
Trog was pleased with you.
You visited 1 branch of the dungeon, and saw 5 of its levels.

You collected 210 gold pieces.

Inventory:

Hand Weapons
 a - a +0 hand axe (weapon)
Missiles
 i - 2 throwing nets
Armour
 u - a +0 chain mail (worn)
Jewellery
 h - an amulet of faith
 j - a ring of poison resistance
 r - an amulet of guardian spirit
Wands
 s - a wand of polymorph (2)
Scrolls
 c - 2 scrolls of fog {unknown}
 e - 4 scrolls of teleportation {unknown}
 k - 4 scrolls of identify {unknown}
 l - a scroll of amnesia {unknown}
 m - a scroll of fear {unknown}
 o - a scroll of blinking {unknown}
 p - 2 scrolls of vulnerability {unknown}
Potions
 d - a potion of curing {unknown}
 f - a potion of berserk rage {unknown}
 g - a potion of resistance {unknown}
 n - a potion of invisibility {unknown}
 t - a potion of heal wounds {unknown}


   Skills:
 + Level 6.1 Fighting
 + Level 8.4 Axes
 + Level 0.4 Throwing
 + Level 2.7 Armour
 + Level 3.3 Dodging
 + Level 1.6 Stealth
 + Level 0.4 Unarmed Combat


You had 6 spell levels left.
You didn't know any spells.
Your spell library was empty.

Dungeon Overview and Level Annotations

Branches:
Dungeon (5/15)             Temple (0/1) D:4

Altars:
Ashenzari

Annotations:
D:3 3 runed translucent doors, osoart's ghost, amateur DgTm


Innate Abilities, Weirdness & Mutations

You have a pair of horns on your head.
You reflexively headbutt those who attack you in melee.


Message History

The orc priest is severely wounded.
You completely miss something. You closely miss the scorpion.
The scorpion stings you.
* * * LOW HITPOINT WARNING * * *
You are lethally poisoned!
The scorpion poisons you!
The orc priest hits you but does no damage.
The scorpion barely misses you. You furiously retaliate!
You headbutt the scorpion. Something hits you but does no damage.
Okay, then.
Okay, then.
You feel very mighty all of a sudden.
* * * LOW HITPOINT WARNING * * *
You feel very sick. The scorpion barely misses you.
The orc priest barely misses you. Something hits you.
* * * LOW HITPOINT WARNING * * *
The scorpion stings you but does no damage.
The orc priest hits you but does no damage.
Something hits you but does no damage.
You slash the orc priest!
You kill the orc priest!
Trog accepts your kill.
You hit something. Trog accepts your kill.
Trog appreciates your killing of a magic user.
Reactivating autopickup.
You feel a bit more experienced.
You hit the scorpion but do no damage.
* * * LOW HITPOINT WARNING * * *
You feel very sick.
The scorpion stings you but does no damage.
The scorpion stings you.
* * * LOW HITPOINT WARNING * * *
You slash the scorpion!
You kill the scorpion!
Trog accepts your kill.
You slash the orc!
You kill the orc!
Trog accepts your kill.
You die...

.....# #
..).. .##
#...##..#
#o......#
#..#....
#####o...#
#..@#)s#
#..))<#
#............
############.


There were no monsters in sight!

Vanquished Creatures
  Menkaure (D:5)
  A phantom (D:4)
  3 scorpions
  A howler monkey (D:4)
  2 orc priests
  A gnoll shaman (D:4)
  A hound (D:4)
  4 orc wizards
  Ijyb (D:4)
  A hound skeleton (D:4)
  A gnoll (D:1)
  5 adders
  An adder skeleton (D:4)
  2 worms
  A dart slug (D:4)
  10 orcs
  12 endoplasms
  3 giant cockroaches
  4 goblins
  5 hobgoblins
  5 quokkas
  8 ball pythons
  6 bats
  A frilled lizard (D:1)
  7 kobolds
  8 rats
95 creatures vanquished.

Notes
Turn   | Place    | Note
-------+----------+-------------------------------------------
     0 | D:1      | thiscave3701365 the Minotaur Berserker began the quest for
                  | the Orb.
     0 | D:1      | Reached XP level 1. HP: 19/19 MP: 0/0
   307 | D:1      | Reached skill level 4 in Axes
   307 | D:1      | Reached XP level 2. HP: 26/27 MP: 1/1
   846 | D:1      | Found a faded altar of an unknown god.
  1289 | D:2      | Reached XP level 3. HP: 33/33 MP: 2/2
  1647 | D:2      | Found a broken altar of Ashenzari.
  1915 | D:2      | Reached ** piety under Trog
  2378 | D:3      | Reached XP level 4. HP: 39/41 MP: 3/3
  2528 | D:3      | Found a runed translucent gate.
  2588 | D:3      | Found a runed translucent gate.
  2758 | D:3      | Found a runed translucent gate.
  2802 | D:3      | Noticed osoart's ghost (amateur DgTm)
  3162 | D:4      | Reached skill level 5 in Axes
  3292 | D:4      | Noticed a phantom
  3293 | D:4      | Reached XP level 5. HP: 22/47 MP: 4/4
  3300 | D:5      | Entered Level 5 of the Dungeon
  3300 | D:5      | Noticed Menkaure
  3307 | D:4      | Killed a phantom
  3307 | D:4      | Noticed Ijyb
  3308 | D:4      | Reached skill level 5 in Fighting
  3308 | D:4      | Reached skill level 1 in Stealth
  3315 | D:4      | Killed Ijyb
  3316 | D:4      | Reached skill level 6 in Axes
  3403 | D:4      | Reached XP level 6. HP: 12/56 MP: 5/5
  4108 | D:4      | Found a staircase to the Ecumenical Temple.
  4470 | D:4      | Reached skill level 7 in Axes
  4811 | D:4      | Reached XP level 7. HP: 46/62 MP: 6/6
  5402 | D:5      | Killed Menkaure
  5403 | D:5      | Reached skill level 8 in Axes
  5415 | D:5      | HP: 3/63 [poisoned by a scorpion]
  5416 | D:5      | Succumbed to a scorpion's poison

Illustrated notes

Levels and vault maps discovered:
D:1:      minmay_arrival_floating_metal, layout_loops_corners,
          shapermc_ecumenical_altar_notcrosses, minivault_11
D:2:      layout_basic, basic_altar
D:3:      layout_basic, gammafunk_ghost_icy
D:4:      minmay_chambers_of_twos, layout_loops_cross,
          minmay_temple_entry_fiery, minmay_fractal_squares_5, uniq_ijyb
D:5:      layout_rooms, serial_bayou_lagoon_a, uniq_grinder, uniq_menkaure

Skill      XL: |  1  2  3  4  5  6  7 |
---------------+----------------------+-----
Axes           | 4 5 6 7 8 |  8.4
Fighting       | 4 5 6 |  6.1
Dodging        | 3 |  3.3
Stealth        | 1 |  1.6
Throwing       | |  0.4
Armour         | |  2.7
Unarmed Combat | |  0.4

Action                   |  1- 3 |  4- 6 |  7- 9 || total
-------------------------+-------+-------+-------++-------
Melee: Hand axe          |    70 |    93 |    21 ||   184
       Headbutt          |     8 |    16 |     3 ||    27
       Unarmed           |       |     5 |       ||     5
       Punch             |       |     2 |       ||     2
Throw: Throwing net      |       |     1 |       ||     1
Invok: Berserk           |       |     6 |     2 ||     8
  Use: Potion            |       |       |     1 ||     1
 Stab: Distracted        |       |     1 |       ||     1
       Sleeping          |       |     1 |       ||     1
Armor: Animal skin       |     9 |    13 |       ||    22
       Chain mail        |       |       |    14 ||    14
Dodge: Dodged            |    35 |    57 |     7 ||    99
